 Dungeon Crawl Stone Soup version 0.28.0-53-g5a82cb258f (webtiles) character file.

Game seed: 3069858739888392095

1 Descartes the Ducker (level 1, 0/10 HPs)
             Began as a Felid Monk on July 13, 2022.
             Slain by a jackal (2 damage)
             ... on level 1 of the Dungeon.
             The game lasted 00:00:35 (164 turns).

Descartes the Ducker (Felid Monk)                    Turns: 164, Time: 00:00:35

Health: 0/10       AC:  1    Str:  7    XL:     1   Next: 16%
Magic:  2/2        EV: 19    Int: 11    God:
Gold:   11         SH:  0    Dex: 18    Spells: 0/0 levels left
                                        Lives:  0   Deaths: 0

rFire   . . .      SeeInvis +     - Unarmed
rCold   . . .      Faith    .   (shield unavailable)
rNeg    . . .      Spirit   .   (armour unavailable)
rPois   .          Reflect  .   (helmet unavailable)
rElec   .          Harm     .   (cloak unavailable)
rCorr   .          Rampage  .   (gloves unavailable)
Will    .....                   (boots unavailable)
Stlth   ++........              (no amulet)
HPRegen 0.03/turn               (no ring)
MPRegen 0.08/turn               (no ring)

@: quick
A: very small, claws 1, fangs 3, see invisible, speed 1, shaggy fur 1, stealthy
paws, no weapons or thrown items, no armour, multi-lived
a: no special abilities


You were on level 1 of the Dungeon.
You visited 1 branch of the dungeon, and saw 1 of its levels.

You collected 11 gold pieces.

You aren't carrying anything.


   Skills:
 - Level 3.0 Fighting
 - Level 4.0 Dodging
 + Level 2.9 Stealth
 - Level 3.0 Unarmed Combat


You couldn't memorise any spells.
You didn't know any spells.
Your spell library was empty.

Dungeon Overview and Level Annotations

Branches:
Dungeon (1/15)

Altars:


Innate Abilities, Weirdness & Mutations

You have sharp claws.
You have razor-sharp teeth.
You have supernaturally acute eyesight. (SInv)
You cover ground quickly. (Speed+)
You are covered in fur. (AC +1)
Your paws help you pounce on unaware monsters.
You are incapable of wielding weapons or throwing items.
You cannot wear armour.
You gain extra lives every three experience levels.


Message History

A jackal comes into view.
The jackal barks!
You hear a bark!
A jackal comes into view.
A quokka comes into view.
The jackal misses you.
You scratch the jackal but do no damage.
The jackal misses you.
You barely miss the jackal. The jackal completely misses you.
The jackal barely misses you. x2
You closely miss the jackal. The jackal misses you. x2
You scratch the jackal but do no damage.
The jackal barely misses you. The jackal completely misses you.
The jackal closely misses you.
You miss the jackal. The jackal bites you. The jackal completely misses you.
The jackal bites you.
You closely miss the jackal. The jackal barely misses you.
The jackal misses you.
You scratch the jackal.
You kill the jackal!
The jackal closely misses you. The jackal misses you.
You scratch the quokka.
The quokka is heavily wounded.
The quokka closely misses you. The jackal bites you.
You closely miss the quokka.
The quokka is heavily wounded.
The quokka closely misses you. The jackal barely misses you.
You closely miss the quokka. You bite the quokka, but do no damage.
The quokka is heavily wounded.
The jackal completely misses you. The quokka bites you.
* * * LOW HITPOINT WARNING * * *
You are too injured to fight recklessly!
You are too injured to fight recklessly!
You are too injured to fight recklessly!
You are too injured to fight recklessly!
You are too injured to fight recklessly!
You are too injured to fight recklessly!
You are too injured to fight recklessly!
You are too injured to fight recklessly!
You are too injured to fight recklessly!
The jackal bites you.
You die...

......... .........
......... ### ########
#.......# #.. #.......
.......# #.# #.######
.....# #.# #...<...
#.##rh######.# ########
#.....@...>#.#
####..####.#.##########
#..# #.............
#..# ########.#.#.#
#..# #....#.#.#.. #...
#.##.#.#.#.# #.##
#.#..#.#.#.# #.
#.####.#.#.#
#......#.#.#


You could see a quokka and a jackal.

Vanquished Creatures
  A jackal (D:1)
1 creature vanquished.

Notes
Turn   | Place    | Note
-------+----------+-------------------------------------------
     0 | D:1      | Descartes the Felid Monk began the quest for the Orb.
     0 | D:1      | Reached XP level 1. HP: 10/10 MP: 2/2
   164 | D:1      | Slain by a jackal

Illustrated notes

Levels and vault maps discovered:
D:1:      matt_arrival_spirals, layout_loops_ring,
          hellmonk_ecumenical_altar_blasted, dk_noncrumbling_3

Action                   || total
-------------------------++-------
Melee: Unarmed           ||    10
       Bite              ||     1
Dodge: Dodged            ||    19
